Map: Galactic Process LE

Players

Fropez

  • Race: Protoss Protoss
  • League: Gold
  • Spawn Location: 7:00

Vector - Winner!

  • Race: Zerg Zerg
  • League: Silver
  • Spawn Location: 1:00

VOD

Have the link to the VOD?

Description

Time

  • Played on: July 12, 2016, 5:04 p.m.
  • Length: 10:10
Show
View Real Time Build Order
Export as new Build Order

Fropez Protoss 

Build Orders:  

Get SALT Encoding   

  12  0:01  Probe (Chrono Boost)  
  13  0:19  Pylon  
  13  0:23  Probe (Chrono Boost)  
  14  0:38  Gateway  
  14  0:39  Probe (Chrono Boost)  
  15  0:50  Probe (Chrono Boost)  
  15  0:52  Assimilator  
  15  0:55  Pylon  
  16  1:00  Probe (Chrono Boost)  
  17  1:12  Gateway  
  17  1:15  Probe (Chrono Boost)  
  18  1:26  Probe (Chrono Boost)  
  18  1:32  Cybernetics Core  
  19  1:37  Probe (Chrono Boost)  
  19  1:41  Assimilator  
  19  1:48  Probe (Chrono Boost)  
  20  1:58  Probe (Chrono Boost)  
  21  2:03  Warp Gate (Chrono Boost)  
  21  2:11  Probe (Chrono Boost)  
  21  2:12  Twilight Council  
  22  2:22  Pylon  
  23  2:32  Mothership Core  
  24  2:53  Probe  
  25  3:02  Resonating Glaives (Chrono Boost)  
  25  3:03  Gateway  
  25  3:07  Gateway  
  25  3:09  Robotics Facility  
  25  3:12  Probe  
  26  3:24  Probe  
  26  3:26  Pylon  
  27  3:36  Probe  
  27  3:39  Gateway  
  28  3:48  Probe  
  29  3:57  Warp Prism  
  29  4:02  Probe  
  32  4:12  Pylon  
  32  4:14  Probe  
  33  4:32  Gateway  
  33  4:36  Gateway  
  33  4:39  Probe  
  33  4:40  Gateway  
  34  4:51  Probe  
  35  4:56  Pylon  
  35  5:03  Probe  
  36  5:10  Adept x4  
  40  5:43  Adept x4  
  40  5:44  Adept  
  48  6:16  Adept x3  
  48  6:17  Adept x2  
  54  6:22  Nexus  
  54  6:23  Probe  
  47  6:35  Probe  
  46  6:43  Pylon  
  46  6:47  Probe  
  46  6:53  Pylon  
  47  6:59  Probe  
  48  7:04  Warp Prism  
  50  7:11  Probe  
  51  7:23  Probe  
  51  7:26  Adept x4  
  60  7:33  Probe  
  61  7:42  Probe  
  62  7:44  Assimilator  
  62  7:46  Assimilator  
  62  7:59  Forge  
  62  8:15  Probe  
  62  8:17  Observer  
  64  8:20  Gateway  
  64  8:23  Gateway  
  64  8:25  Pylon  
  64  8:27  Pylon  
  64  8:29  Adept  
  64  8:30  Adept x3  
  64  8:31  Adept  
  58  9:31  Zealot x6  
  60  9:32  Zealot x2  
  44  9:52  Adept x2  
  44  9:53  Adept x4  
  44  9:54  Adept x3  
Show
View Real Time Build Order
Export as new Build Order

Vector Zerg - Winner!

Build Orders: 3 Hatch before Pool 

Get SALT Encoding   

  12  0:03  Drone  
  13  0:08  Drone  
  14  0:19  Overlord  
  14  0:24  Extractor, Drone  
  15  0:38  Drone  
  15  0:39  Drone  
  17  0:51  Drone  
  18  1:03  Hatchery  
  17  1:30  Hatchery  
  17  1:31  Spawning Pool  
  15  1:33  Drone  
  16  1:42  Drone  
  17  2:13  Drone x3  
  20  2:19  Queen  
  22  2:25  Queen  
  25  2:30  Drone x3  
  27  2:44  Drone x2  
  29  2:52  Queen  
  29  2:55  Drone x3  
  29  2:57  Overlord x2  
  34  3:16  Overlord  
  34  3:17  Drone x3  
  34  3:18  Drone  
  34  3:19  Zergling x2, Drone  
  40  3:25  Extractor  
  40  3:26  Extractor, Drone  
  39  3:28  Drone  
  39  3:31  Drone x4  
  44  3:35  Drone x2  
  44  3:36  Drone  
  44  3:41  Drone  
  48  3:50  Drone x2  
  48  3:51  Drone  
  51  4:02  Drone x3  
  54  4:06  Drone x4  
  58  4:17  Overlord x3  
  58  4:23  Overlord  
  57  4:25  Extractor  
  57  4:27  Extractor  
  57  4:28  Spore Crawler  
  57  4:31  Spine Crawler  
  53  4:32  Metabolic Boost, Spore Crawler  
  53  4:34  Spore Crawler  
  53  4:35  Drone x6  
  53  4:36  Spine Crawler, Drone x2  
  58  4:41  Roach Warren  
  58  4:43  Drone x3  
  60  4:45  Evolution Chamber  
  60  4:46  Evolution Chamber  
  60  4:47  Drone x2  
  60  4:48  Drone  
  61  5:07  Drone x4  
  61  5:08  Drone x5  
  61  5:10  Extractor  
  61  5:11  Extractor  
  68  5:18  Zerg Missile Weapons Level 1  
  68  5:20  Zerg Melee Weapons Level 1  
  68  5:25  Lair  
  68  5:26  Evolution Chamber, Roach x6  
  79  5:29  Drone x2  
  80  5:36  Zergling x4  
  80  5:37  Zergling x6  
  79  5:45  Drone x4  
  76  5:57  Drone x2  
  76  5:58  Drone x6  
  80  6:08  Drone x2  
  80  6:09  Drone  
  82  6:21  Drone x4  
  86  6:32  Queen  
  86  6:37  Drone  
  86  6:38  Drone x2  
  89  6:58  Overlord x4  
  89  6:59  Spire  
  88  7:02  Zerg Ground Armor Level 1  
  88  7:10  Infestation Pit  
  88  7:14  Baneling Nest  
  86  7:16  Zerg Melee Weapons Level 2  
  86  7:19  Zerg Missile Weapons Level 2  
  86  7:22  Drone x2  
  88  7:25  Roach x5  
  88  7:26  Roach x4  
  88  7:27  Overlord  
  106  7:32  Zergling x6  
  106  7:34  Overlord  
  106  7:36  Glial Reconstitution  
  109  7:41  Roach x2  
  113  7:58  Roach x8  
  127  7:59  Roach  
  127  8:00  Overlord  
  131  8:12  Mutalisk x3  
  131  8:15  Overlord x4  
  137  8:35  Mutalisk  
  137  8:36  Mutalisk x5  
  137  8:38  Overlord x3  
  137  8:39  Overlord  
  137  8:40  Drone x2  
  151  8:45  Hatchery  
  151  8:46  Hatchery  
  149  8:54  Mutalisk  
  151  8:59  Mutalisk x3  
  150  9:12  Drone x6  
Tags
 
Add a new tag
Caveats
  • Supply blocks, unpowered buildings, or Contaminate may cause inaccurate times.
  • Supply counts are checked every 10 seconds.